 Dungeon Crawl Stone Soup version 0.22-a0-377-g846bec1 (webtiles) character file.

45 Amnesiac the Magician (level 3, -2/26 HPs)
             Began as a Mummy Wizard on Apr 27, 2018.
             Was an Initiate of Kikubaaqudgha.
             Slain by a phantom (8 damage)
             ... in the Ecumenical Temple.
             The game lasted 00:04:42 (2376 turns).

Amnesiac the Magician (Mummy Wizard)                Turns: 2376, Time: 00:04:42

Health: -2/26      AC:  2    Str: 10    XL:     3   Next: 42%
Magic:  1/8        EV: 12    Int: 18    God:    Kikubaaqudgha [......]
Gold:   46         SH:  0    Dex: 10    Spells: 1/10 levels left

rFire    x . .     SeeInvis .   a - +0 hunting sling
rCold    + . .     Gourm    .   (no shield)
rNeg     + + +     Faith    .   b - +0 robe
rPois    ∞         Spirit   .   (no helmet)
rElec    .         Reflect  .   (no cloak)
rCorr    .         Harm     .   (no gloves)
MR       .....     Rnd*Tele +   (no boots)
Stlth    ++........             (no amulet)
HPRegen  0.08/turn              c - ring of teleportation (curse)
MPRegen  0.11/turn              d - ring of flight

@: no status effects
A: no food or potions, fire vulnerability, cold resistance 1, negative energy
resistance 3, torment resistance, unbreathing
a: Renounce Religion, Evoke Flight


You were in the Ecumenical Temple.
You worshipped Kikubaaqudgha.
Kikubaaqudgha was noncommittal.
You were not hungry.

You visited 2 branches of the dungeon, and saw 6 of its levels.

You collected 46 gold pieces.

Inventory:

Hand Weapons
 a - a +0 hunting sling (weapon)
Armour
 b - a +0 robe (worn)
Jewellery
 c - a cursed ring of teleportation (left hand)
 d - a ring of flight (right hand)
Scrolls
 e - 2 scrolls of teleportation {!r}


   Skills:
 + Level 1.6 Fighting
 * Level 2.7 Dodging
 - Level 1.5 Stealth
 - Level 4.0 Spellcasting
 - Level 0.7 Conjurations
 - Level 0.7 Summonings
   Level 0.7 Translocations


You had one spell level left.
You knew the following spells:

 Your Spells              Type           Power        Failure   Level  Hunger
a - Magic Dart            Conj           #...         11%         1    N/A
b - Call Imp              Summ           #.......     17%         2    N/A
e - Mephitic Cloud        Conj/Pois/Air  #.......     38%         3    N/A
s - Conjure Flame         Conj/Fire      #.......     36%         3    N/A

Dungeon Overview and Level Annotations

Branches:
Dungeon (5/15)             Temple (1/1) D:5

Altars:
Ashenzari
Cheibriados
Dithmenos
Elyvilon
Hepliaklqana
Kikubaaqudgha
Nemelex Xobeh
Qazlal
Ru
Sif Muna
Wu Jian
Xom
Yredelemnul
Zin
The Shining One


Innate Abilities, Weirdness & Mutations

You do not eat or drink.
Your flesh is vulnerable to fire.
You are immune to poison.
Your flesh is cold resistant. (rC+)
You are immune to negative energy. (rN+++)
You are immune to unholy pain and torment.
You can survive without breathing.


Message History

Orders for allies: a - Attack new target. p - Attack previous target. r - Retreat! s - Stop attacking. g - Guard the area. f - Follow me.
Anything else - Cancel.
Gang up on whom?
Press: ? - help, Dir - move target cursor, f - hound, p - phantom
Aim: a hound Attack!
The phantom blinks!
The hound bites you.
* * * LOW HITPOINT WARNING * * *
You swap places.
The hound bites your crimson imp. x2
The hound closely misses your crimson imp.
You swap places.
The hound bites your crimson imp.
The hound barely misses your crimson imp.
There is a staircase to the Ecumenical Temple here.
The hound closely misses your crimson imp.
The phantom closely misses you.
You climb downwards.
Welcome back to the Ecumenical Temple!
There is a staircase back to the Dungeon here.
The phantom blinks!
There is a staircase back to the Dungeon here.
The phantom blinks!
The phantom barely misses you.
There is a staircase back to the Dungeon here.
Casting: Magic Dart (safe; 11% risk of failure)
Confirm with . or Enter, or press ? or * to list all spells.
A beastly little devil appears in a puff of frigid air.
The phantom closely misses you. Why would you want to do that?
The phantom blinks!
Your white imp freezes the phantom.
The phantom completely resists.
The phantom misses you.
Your white imp gestures at the phantom.
The puff of frost hits the phantom.
The phantom completely resists.
Your white imp gestures at the phantom.
The puff of frost hits the phantom.
The phantom completely resists.
There is a staircase back to the Dungeon here.
Your white imp freezes the phantom.
The phantom resists.
You climb upwards.
Welcome back to the Dungeon!
The hound barely misses you.
There is a staircase to the Ecumenical Temple here.
Casting: Call Imp (safe; 17% risk of failure)
Confirm with . or Enter, or press ? or * to list all spells.
A shadowy apparition takes form in the air.
The hound barely misses you.
Casting: Call Imp (safe; 17% risk of failure)
Confirm with . or Enter, or press ? or * to list all spells.
A beastly little devil appears in a puff of flame.
The hound bites you.
* * * LOW HITPOINT WARNING * * *
The hound barely misses you.
Really read
f - a scroll labeled CAMEYSTR SUTIL {!r}?
As you read the scroll labeled CAMEYSTR SUTIL {!r}, it crumbles to dust.
The creatures around you are filled with an inner flame!
It was a scroll of immolation {!r}.
The hound barely misses you.
Your crimson imp blinks!
The hound bites you.
* * * LOW HITPOINT WARNING * * *
The hound bites you.
* * * LOW HITPOINT WARNING * * *
You climb downwards.
Welcome back to the Ecumenical Temple!
Your summoned ally is left behind.
The phantom closely misses you.
There is a staircase back to the Dungeon here.
The phantom hits you!
You die...
Kikubaaqudgha rasps: "You have failed me!
Welcome... oblivion!"

#########
##_._._.8##
##.........##
##_..≈...≈.._##
#...≈≈...≈≈...#
#_.≈≈≈≈.≈≈≈≈._#
#....≈...≈....#
#8.....h@...._#
#....≈.W.≈....#
#_.≈≈≈≈.≈≈≈≈._#
#...≈≈...≈≈...#
##_..≈...≈.._##
##.........##
##_._._.8##
#########


You could see a phantom and a hound (inner flame).

Vanquished Creatures
  2 adders (D:3)
  A dart slug (D:3)
  A leopard gecko (D:1)
  A ball python (D:2)
  A giant cockroach (D:1)
  A goblin (D:3)
  2 hobgoblins (D:1)
  A kobold (D:1)
  2 quokkas
  A frilled lizard (D:1)
13 creatures vanquished.

Vanquished Creatures (collateral kills)
  An adder (D:5)
  2 goblins (D:2)
  2 hobgoblins (D:2)
  2 bats (D:2)
  2 kobolds (D:2)
9 creatures vanquished.

Grand Total: 22 creatures vanquished

Notes
Turn   | Place    | Note
-------+----------+-------------------------------------------
     0 | D:1      | Amnesiac the Mummy Wizard began the quest for the Orb.
     0 | D:1      | Reached XP level 1. HP: 13/13 MP: 5/5
   205 | D:1      | Reached XP level 2. HP: 8/20 MP: 0/7
   209 | D:1      | Learned a level 2 spell: Call Imp
   431 | D:2      | Reached skill level 1 in Fighting
  1604 | D:3      | Reached XP level 3. HP: 26/26 MP: 2/8
  1609 | D:3      | Learned a level 3 spell: Conjure Flame
  1613 | D:3      | Learned a level 3 spell: Mephitic Cloud
  2176 | D:4      | Noticed a scorpion
  2178 | D:5      | Entered Level 5 of the Dungeon
  2195 | D:5      | Noticed a phantom
  2243 | D:5      | Found a staircase to the Ecumenical Temple.
  2257 | Temple   | Entered the Ecumenical Temple
  2302 | Temple   | Became a worshipper of Kikubaaqudgha
  2376 | Temple   | Slain by a phantom

Vault maps used:
D:1:      dpeg_arrival_simpleton_c, minmay_misc_feat_columns
D:2:      minmay_vboxes
D:3:      first_ration
D:4:      minmay_goblin_kobold_castle, serial_shops, shop
D:5:      dancing_weapons_uskayaw, okawaru_trees_1,
          nicolae_overflow_hidden_temple, temple_statues, serial_shops,
          nicolae_shop_statue_plus, uniq_eustachio
Temple:   nicolae_temple_no_exploring_needed

Skill      XL: |  1  2 |
---------------+-------+-----
Dodging        | 2 |  2.7
Fighting       | 1 |  1.6
Stealth        | |  1.5
Spellcasting   | |  4.0
Conjurations   | |  0.7
Summonings     | |  0.7
Translocations | |  0.7

Action                   || total
-------------------------++-------
Melee: Unarmed           ||    15
 Cast: Magic Dart        ||    46
       Call Imp          ||    18
  Use: Scroll            ||     2
Armor: Robe              ||     4
Dodge: Dodged            ||    44

Table legend:
 A = Spawn XP
 B = Non-spawn XP
 C = Spawn XP percentage of total XP
 D = Spawn monster count
 E = Non-spawn monster count
 F = Spawn count percentage of total count
 G = Total turns spent on level
                    A         B        C        D         E        F      G
               +---------+---------+-------+---------+---------+-------+---------
         Total |       0 |      65 |   0.0 |       0 |      22 |   0.0 |  2376
               +---------+---------+-------+---------+---------+-------+---------
           D:1 |       0 |      12 |   0.0 |       0 |       6 |   0.0 |   349
           D:2 |       0 |      11 |   0.0 |       0 |       9 |   0.0 |   236
           D:3 |       0 |      33 |   0.0 |       0 |       5 |   0.0 |  1534
           D:4 |       0 |       2 |   0.0 |       0 |       1 |   0.0 |    59
           D:5 |       0 |       7 |   0.0 |       0 |       1 |   0.0 |   101
               +---------+---------+-------+---------+---------+-------+---------
